 Dungeon Crawl Stone Soup version 0.31.0-12-g77e489cdc1 (webtiles) character file.

Game seed: 10367694299635339441

87056 Atelerd the Unseen (level 15, -2/88 HPs)
             Began as an Octopode Hedge Wizard on Feb 22, 2024.
             Was a High Priest of Sif Muna.
             Slain by a +1 dire flail of distortion (9 damage)
             ... on level 1 of the Elven Halls on Feb 25, 2024.
             The game lasted 01:53:11 (35018 turns).

Atelerd the Unseen (Octopode Hedge Wizard)         Turns: 35018, Time: 01:53:12

Health: -2/88      AC:  1    Str: 17    XL:     15   Next: 89%
Magic:  7/31       EV: 27    Int: 23    God:    Sif Muna [*****.]
Gold:   1225       SH:  5    Dex: 11    Spells: 7/38 levels left

rFire   . . .        w - +1 dagger (elec)
rCold   + . .        G - +0 buckler
rNeg    . . .        b - +0 hat
rPois   +            (no amulet)
rElec   +            j - +5 ring of evasion
rCorr   .            d - +5 ring of evasion
SInv    .            m - ring of Yredelemnul's Wrath {rElec Will+}
Will    +++..        x - ring of poison resistance
Stlth   +++++++      F - +6 ring of strength
HPRegen 0.34/turn    J - ring of willpower
MPRegen 0.22/turn    n - ring of wizardry
                     H - ring of protection from cold

%: wizardry (x1)
@: about to teleport, very slightly contaminated, studying Dodging
A: almost no armour, amphibious, 8 rings, camouflage 1, gelatinous body 1,
(nimble swimmer 1), tentacles
a: Renounce Religion, Channel Magic, Forget Spell, Divine Exegesis


You were on level 1 of the Elven Halls.
You worshipped Sif Muna.
Sif Muna was extremely pleased with you.
You visited 5 branches of the dungeon, and saw 22 of its levels.

You collected 2500 gold pieces.
You spent 1275 gold pieces at shops.

Inventory:

Hand Weapons
 w - a +1 dagger of electrocution (weapon)
 K - a +1 short sword of venom
Missiles
 U - 4 atropa-tipped darts
Armour
 b - a +0 hat (worn)
 G - a +0 buckler (worn)
Magical Staves
 e - a staff of conjuration
Jewellery
 d - a +5 ring of evasion (right tentacle)
 j - a +5 ring of evasion (left tentacle)
 m - the ring of Yredelemnul's Wrath (on tentacle) {rElec Will+}
   (You found it on level 2 of the Dungeon)

   [ring of willpower]

   rElec:     It insulates you from electricity.
   Will+:     It increases your willpower.
 n - a ring of wizardry (on tentacle)
 x - a ring of poison resistance (on tentacle)
 F - a +6 ring of strength (on tentacle)
 H - a ring of protection from cold (on tentacle)
 J - a ring of willpower (on tentacle)
 R - a ring of positive energy
 X - a ring of flight
Talismans
 a - a blade talisman
 L - a flux talisman
Wands
 I - a wand of acid (3)
 M - a wand of flame (16)
 N - a wand of polymorph (12)
 S - a wand of mindburst (2)
 V - a wand of charming (4)
Scrolls
 f - 4 scrolls of amnesia
 g - 3 scrolls of immolation
 i - 2 scrolls of enchant weapon
 o - 3 scrolls of noise
 s - 2 scrolls of poison
 v - 4 scrolls of revelation
 y - 2 scrolls of torment
 B - 2 scrolls of blinking {unknown}
 E - 2 scrolls of enchant armour {unknown}
 O - a scroll of vulnerability {unknown}
 P - a scroll of butterflies {unknown}
 Q - a scroll of teleportation
 W - a scroll of fog {unknown}
 Y - a scroll of fear
Potions
 c - 2 potions of cancellation {unknown}
 h - 2 potions of heal wounds
 k - 3 potions of enlightenment
 l - 9 potions of curing
 p - 3 potions of invisibility {unknown}
 q - 6 potions of resistance
 r - 2 potions of ambrosia {unknown}
 t - 3 potions of brilliance {unknown}
 u - a potion of magic
 z - 2 potions of berserk rage
 A - a potion of mutation {unknown}
 C - 5 potions of degeneration {unknown}
 D - 5 potions of lignification {unknown}
 T - 2 potions of might {unknown}
 Z - 4 potions of haste {unknown}


   Skills:
 - Level 3.0 Fighting
 + Level 5.5 Short Blades
 * Level 12.4 Dodging
 - Level 15.0 Stealth
 - Level 6.1 Shields
 - Level 12.4 Spellcasting
 - Level 12.0 Conjurations
 - Level 5.0 Hexes
 - Level 3.0 Summonings
 - Level 2.0 Translocations
 - Level 5.0 Ice Magic
 - Level 6.0 Air Magic
 - Level 5.0 Earth Magic
 - Level 1.0 Alchemy
 + Level 7.7 Invocations
 - Level 2.0 Evocations


You had 7 spell levels left.
You knew the following spells:

 Your Spells              Type           Power      Damage    Failure   Level
a - Magic Dart            Conj           100%       1d8       1%          1
b - Mephitic Cloud        Conj/Alch/Air  43%        N/A       1%          3
c - Blink                 Tloc           46%        N/A       1%          2
d - Ensorcelled Hibernat  Hex/Ice        74%        N/A       1%          2
e - Iskenderun's Battles  Conj           62%        2d11      1%          5
h - Hailstorm             Conj/Ice       52%        3d10      1%          3
m - Iskenderun's Mystic   Conj/Tloc      46%        2d10      1%          4
r - Bombard               Conj/Erth      26%        9d5       11%         6
s - Summon Forest         Summ/Tloc      12%        N/A       21%         5

Your spell library contained the following spells:

 Spells                   Type           Power      Damage    Failure   Level
 Foxfire                  Conj/Fire      100%       2x1d9     1%          1
 Freeze                   Ice            100%       1d10      1%          1
 Kiss of Death            Conj/Necr      100%       2d13      1%          1
 Shock                    Conj/Air       100%       1d9       1%          1
 Slow                     Hex            100%       N/A       1%          1
 Call Imp                 Summ           56%        N/A       1%          2
 Cigotuvi's Dreadful Rot  Necr/Alch/Air  48%        N/A       1%          2
 Frozen Ramparts          Ice            74%        1d12      1%          3
 Fugue of the Fallen      Necr           14%        N/A       6%          3
 Anguish                  Hex/Necr       12%        N/A       8%          4
 Summon Mana Viper        Hex/Summ       32%        N/A       12%         5
 Spellforged Servitor     Conj/Summ      24%        N/A       61%         7
 Summon Cactus Giant      Summ           14%        N/A       65%         6
 Dispersal                Tloc           11%        N/A       78%         6
 Haunt                    Necr/Summ      10%        N/A       100%        7
 Lehudib's Crystal Spear  Conj/Erth      26%        10d7      98%         8
 Borgnjor's Revivificati  Necr           7%         N/A       100%        8
 Disjunction              Tloc           11%        N/A       100%        8
 Death's Door             Necr           7%         N/A       100%        9


Dungeon Overview and Level Annotations

Branches:
Dungeon (13/15)            Temple (1/1) D:6            Lair (5/5) D:8
  Swamp (0/4) Lair:3       Spider (0/4) Lair:3        Slime (0/5) Lair:5
    Orc (2/2) D:9             Elf (1/3) Orc:2        Vaults (0/5) D:13

Altars:
Ashenzari
Cheibriados
Dithmenos
Elyvilon
Fedhas
Gozag
Hepliaklqana
Kikubaaqudgha
Makhleb
Nemelex Xobeh
Okawaru
Qazlal
Ru
Sif Muna
Trog
Uskayaw
Vehumet
Wu Jian
Xom
Yredelemnul
Zin
The Shining One
Jiyva

Shops:
D:6 *   D:9 (   Orc:2 ::?*(

Annotations:
D:5 exclusion: downstairs
D:7 exclusion: downstairs, Edmund
D:12 exclusion: downstairs
D:13 Nessos; Rupert
Lair:1 exclusion: 2 downstairs
Lair:2 1 runed translucent door, exclusion: 2 downstairs
Lair:3 exclusion: downstairs
Lair:4 exclusion: 3 downstairs
Lair:5 2 transporters, GeoRichter's ghost, journeyman OnSh
Elf:1 3 runed translucent doors


Innate Abilities, Weirdness & Mutations

You cannot wear most types of armour.
You are amphibious.
You can wear up to eight rings at the same time.
Your skin changes colour to match your surroundings (Stealth+).
Your rubbery body absorbs attacks. (AC +1, EV +1)
((You are camouflaged when in or above water. (Stealth+)))
You have tentacles for arms and can constrict up to eight enemies at once.


Message History

Confirm with . or Enter, or press ? or * to list all spells.
You conjure a globe of magical energy.
Casting: Iskenderun's Battlesphere (mildly dangerous; 1% risk of failure)
Confirm with . or Enter, or press ? or * to list all spells.
You miscast Iskenderun's Mystic Blast.
You are very lightly contaminated with residual magic.
Nothing appears to happen.
You feel less invigorated.
The fire elemental hits your battlesphere.
The fire elemental burns your battlesphere!
Your battlesphere completely resists.
A deep elf zephyrmancer comes into view.
It is wielding a +2 long sword of holy wrath.
Unknown command.
Unknown command.
As you read the scroll of teleportation, it crumbles to dust.
You feel strangely unstable.
The fire elemental hits your battlesphere.
The fire elemental burns your battlesphere!
Your battlesphere completely resists.
The +1 dire flail of distortion misses you.
Casting: Iskenderun's Mystic Blast (mildly dangerous; 1% risk of failure)
Confirm with . or Enter, or press ? or * to list all spells.
You are still too unstable to blink.
Unknown command.
Casting: Blink (safe; 1% risk of failure)
Confirm with . or Enter, or press ? or * to list all spells.
You erupt in a blast of force!
The mystic blast hits the fire elemental!
The fire elemental is heavily damaged.
The fire elemental is knocked back by the mystic blast.
The mystic blast hits the +1 dire flail of distortion.
The +1 dire flail of distortion is lightly damaged.
The +1 dire flail of distortion is knocked back by the mystic blast.
The +1 dire flail of distortion slams into the stone wall!
The +1 dire flail of distortion is lightly damaged.
You feel ready to blink again.
You hear a shout! x2
The +1 dire flail of distortion hits you!!
* * * LOW HITPOINT WARNING * * *
Space warps horribly around you!
You die...

#.+Ee(+.#..##.#####.
.##Eee##....#(.. ..
.##eee##.#.E##....#
#.#eee#.#.#).#..e.#
#.##+##....).##E$.#
.#.#.#........#?..#
.#.#.#.#.#.#..###.#
#.#...#.#.#°#...#(#.#.#.
#(#.........E..*@.......
#################################
.................................
###########################.....#
...# #### ##..... ##.#### #..###
#..... #.#..###########....###
#..... #....'.........'......#
##...' ###..###########....###
##'##


You could see a fire elemental, a +1 dire flail of distortion and a friendly
battlesphere (wandering).

Vanquished Creatures
  A deep elf elementalist (Elf:1)
  An orc warlord (Orc:2)
  A deep elf death mage (Elf:1)
  An eleionoma (Lair:3)
  6 hydras
  4 catoblepae (Lair:5)
  A centaur warrior (D:13)
  3 dancing weapons (Elf:1)
  A boulder beetle (D:13)
  9 two-headed ogres
  6 death yaks
  4 orc high priests
  2 deep elf knights (Elf:1)
  3 deep elf archers (Elf:1)
  3 ugly things
  4 orc knights (Orc:2)
  5 deep elf pyromancers (Elf:1)
  7 deep elf zephyrmancers (Elf:1)
  6 orc sorcerers (Orc:2)
  2 cyclopes
  3 manticores
  3 black mambas
  A torpor snail (Lair:3)
  14 elephants
  3 kobold blastminers (Orc:2)
  2 gargoyles
  17 cane toads
  Maggie (D:7)
  4 rime drakes
  A kobold demonologist (D:13)
  An unseen horror (D:12)
  14 komodo dragons
  4 trolls
  A hornet (D:9)
  2 polar bears
  Prince Ribbit (Lair:1)
  13 blink frogs
  6 slime creatures (D:13)
  A vampire (D:10)
  Sigmund (D:7)
  7 wyverns
  67 yaks
  2 air elementals (Elf:1)
  Eustachio (D:4)
  12 humans (D:13)
  3 water elementals (Elf:1)
  5 wraiths
  A fire elemental (Elf:1)
  6 basilisks
  A warg (Orc:1)
  3 steam dragons
  An acid dragon (D:9)
  11 water moccasins
  19 orc warriors
  2 laughing skulls (D:13)
  3 black bears
  11 wolves
  A tengu (D:12)
  6 centaurs
  9 ogres
  3 phantoms
  18 bullfrogs
  3 gnoll sergeants
  3 scorpions
  3 earth elementals (Elf:1)
  9 wights (D:8)
  16 killer bees
  3 howler monkeys
  An electric eel (Lair:2)
  8 hounds
  2 bombardier beetles (D:4)
  5 jellies
  15 orc priests
  7 iguanas
  Terence (D:3)
  3 sleepcaps
  22 orc wizards
  7 adders
  14 gnolls
  3 white imps
  2 ufetubi (D:6)
  3 ribbon worms (Lair:3)
  87 orcs
  3 ball pythons
  7 endoplasms
  7 giant cockroaches
  3 hobgoblins
  8 jackals
  4 quokkas
  5 bats
  A frilled lizard (D:3)
  6 goblins
  5 kobolds
  6 rats
627 creatures vanquished.

Vanquished Creatures (collateral kills)
  3 killer bees
  An orc (D:8)
4 creatures vanquished.

Vanquished Creatures (others)
  A deep elf archer (Elf:1)
  A yak (Lair:5)
  A water elemental (Elf:1)
  A hound (D:5)
4 creatures vanquished.

Grand Total: 635 creatures vanquished

Notes
Turn   | Place    | Note
-------+----------+-------------------------------------------
     0 | D:1      | Atelerd the Octopode Hedge Wizard began the quest for the
                  | Orb.
     0 | D:1      | Reached XP level 1. HP: 11/11 MP: 4/4
   540 | D:1      | Found a faded altar of an unknown god.
   570 | D:1      | Reached XP level 2. HP: 14/17 MP: 1/6
  1342 | D:2      | Reached XP level 3. HP: 21/21 MP: 3/7
  1346 | D:2      | Learned a level 3 spell: Mephitic Cloud
  1398 | D:2      | Identified the ring of Yredelemnul's Wrath {rElec Will+}
  2186 | D:3      | Reached XP level 4. HP: 27/27 MP: 0/9
  2782 | D:3      | Reached skill level 3 in Stealth
  2900 | D:3      | Noticed Terence
  3067 | D:4      | Noticed an ogre
  3081 | D:4      | Noticed a phantom
  3099 | D:5      | Entered Level 5 of the Dungeon
  3113 | D:5      | Reached skill level 1 in Short Blades
  3226 | D:5      | Found a hazy altar of Hepliaklqana.
  3226 | D:5      | Noticed a centaur
  3226 | D:5      | Noticed a phantom
  3226 | D:5      | Noticed a steam dragon
  3249 | D:5      | Reached XP level 5. HP: 8/31 MP: 6/10
  3387 | D:5      | Reached skill level 4 in Stealth
  3387 | D:5      | Reached XP level 6. HP: 17/36 MP: 0/11
  3639 | D:5      | Reached skill level 1 in Air Magic
  3639 | D:5      | Reached skill level 1 in Alchemy
  3639 | D:5      | Reached XP level 7. HP: 41/41 MP: 8/13
  3799 | D:5      | Reached skill level 5 in Stealth
  4329 | D:5      | Reached skill level 5 in Spellcasting
  4549 | D:5      | Reached skill level 6 in Stealth
  4616 | D:5      | Killed a steam dragon
  4683 | D:5      | Reached XP level 8. HP: 41/46 MP: 13/17
  5703 | D:4      | Noticed Eustachio
  5723 | D:4      | Killed Eustachio
  6120 | D:4      | Found a blossoming altar of Fedhas.
  6120 | D:4      | Found a white marble altar of Elyvilon.
  6575 | D:3      | Killed Terence
  6867 | D:6      | Reached XP level 9. HP: 44/51 MP: 17/21
  6967 | D:6      | Found a staircase to the Ecumenical Temple.
  7137 | D:6      | Got Vebyw's Notes on Arsenical Dislocation
  7169 | D:6      | Found Cocofeti's Assorted Antiques.
  7712 | D:6      | Identified the +1 ring mail of Defiance {rPois rC+ Str+3
                  | Dex+3}
  8046 | D:7      | Reached skill level 1 in Fighting
  8136 | D:7      | Noticed Sigmund
  8156 | D:7      | Killed Sigmund
  8156 | D:7      | Noticed Edmund
  8157 | D:7      | Reached skill level 10 in Spellcasting
  8464 | D:7      | Reached skill level 7 in Stealth
  8556 | D:7      | Reached skill level 5 in Conjurations
  8579 | D:7      | Noticed Maggie
  8740 | D:7      | Killed Maggie
  8741 | D:7      | Reached skill level 8 in Stealth
  8741 | D:7      | Reached XP level 10. HP: 58/58 MP: 15/24
  8927 | D:7      | Reached skill level 9 in Stealth
  9406 | D:8      | Reached skill level 10 in Stealth
  9593 | D:8      | Reached skill level 1 in Shields
 10000 | D:8      | Noticed an elephant
 10582 | D:9      | Found a staircase to the Orcish Mines.
 10857 | Temple   | Entered the Ecumenical Temple
 10896 | Temple   | Became a worshipper of Sif Muna the Loreminder
 10902 | Temple   | Learned a level 4 spell: Iskenderun's Mystic Blast
 10905 | Temple   | Learned a level 2 spell: Blink
 11129 | D:8      | Found a staircase to the Lair.
 11447 | D:8      | Killed an elephant
 11448 | D:8      | Reached skill level 5 in Dodging
 11448 | D:8      | Reached skill level 1 in Invocations
 11448 | D:8      | Reached XP level 11. HP: 63/63 MP: 21/25
 11617 | D:9      | Reached skill level 11 in Stealth
 12146 | D:9      | Found Bomueghi's Weapon Shoppe.
 12359 | D:9      | Reached * piety under Sif Muna
 12714 | D:10     | Entered Level 10 of the Dungeon
 13225 | D:10     | Noticed a two-headed ogre
 13272 | D:10     | Killed a two-headed ogre
 13273 | D:10     | Reached skill level 12 in Stealth
 13769 | Lair:1   | Entered Level 1 of the Lair of Beasts
 14520 | Lair:1   | Reached XP level 12. HP: 70/70 MP: 23/28
 14521 | Lair:1   | Reached skill level 5 in Invocations
 14766 | Lair:1   | Noticed Prince Ribbit
 14780 | Lair:1   | Killed Prince Ribbit
 15123 | Lair:1   | Reached skill level 5 in Short Blades
 15779 | Lair:1   | Reached skill level 5 in Shields
 15997 | Lair:2   | Reached ** piety under Sif Muna
 17296 | Lair:2   | Reached skill level 10 in Dodging
 17309 | Lair:2   | Reached XP level 13. HP: 56/74 MP: 14/29
 17720 | Lair:2   | Found a runed translucent door.
 18402 | Lair:3   | Noticed an eleionoma
 18404 | Lair:3   | Found a staircase to the Swamp.
 18418 | Lair:3   | Killed an eleionoma
 18831 | Orc:1    | Entered Level 1 of the Orcish Mines
 19109 | Orc:2    | Entered Level 2 of the Orcish Mines
 19827 | D:11     | Reached *** piety under Sif Muna
 20232 | D:11     | Found a hazy altar of Hepliaklqana.
 21490 | D:12     | Reached skill level 1 in Evocations
 22541 | D:13     | Noticed Nessos
 22541 | D:13     | Found a gate to the Vaults.
 22854 | Lair:2   | Learned a level 2 spell: Ensorcelled Hibernation
 23423 | Lair:3   | Reached skill level 1 in Hexes
 23423 | Lair:3   | Reached skill level 1 in Ice Magic
 23891 | Lair:3   | Found a hole to the Spider Nest.
 24622 | Lair:3   | Reached XP level 14. HP: 75/83 MP: 8/30
 24923 | Lair:3   | Reached skill level 5 in Air Magic
 25325 | Lair:4   | Found a glowing golden altar of the Shining One.
 25477 | Lair:4   | Learned a level 3 spell: Hailstorm
 25938 | Lair:4   | Reached skill level 10 in Conjurations
 26127 | Lair:4   | Reached **** piety under Sif Muna
 26271 | Lair:4   | Reached skill level 13 in Stealth
 26704 | Lair:5   | Entered Level 5 of the Lair of Beasts
 26976 | Lair:5   | Found a transporter.
 27591 | Lair:5   | Noticed GeoRichter's ghost (journeyman OnSh)
 27790 | Lair:5   | Learned a level 5 spell: Summon Forest
 27855 | Lair:5   | Found a viscous altar of Jiyva.
 27855 | Lair:5   | Found a staircase to the Slime Pits.
 27967 | Lair:5   | Found a transporter.
 28622 | Lair:5   | Reached skill level 14 in Stealth
 30643 | D:13     | Reached XP level 15. HP: 88/88 MP: 28/31
 30698 | D:13     | Reached skill level 15 in Stealth
 30856 | D:13     | Reached skill level 5 in Ice Magic
 31204 | D:13     | Learned a level 6 spell: Bombard
 31410 | D:13     | Noticed Rupert
 31634 | Orc:2    | Reached skill level 1 in Earth Magic
 31709 | Orc:2    | Reached ***** piety under Sif Muna
 32048 | Orc:2    | Noticed an orc warlord
 32422 | Orc:2    | Learned a level 5 spell: Iskenderun's Battlesphere
 32472 | Orc:2    | Killed an orc warlord
 32696 | Orc:2    | Found Hughong's Self-Improvement Boutique.
 32720 | Orc:2    | Found a staircase to the Elven Halls.
 32958 | Orc:2    | Found Unyg's Antique Weapon Shoppe.
 33353 | Orc:2    | Reached skill level 5 in Earth Magic
 33507 | Orc:2    | Found Gicoysi's Book Shoppe.
 33512 | Orc:2    | Found Soeckyji's Magic Scroll Shop.
 33560 | Orc:2    | Bought a scroll of identify for 24 gold pieces
 33560 | Orc:2    | Bought a scroll of identify for 24 gold pieces
 33560 | Orc:2    | Found Adi Nana's Assorted Antiques.
 33587 | Orc:2    | Bought a scroll labelled GOZICE RYRHIFF for 27 gold pieces
 33623 | Orc:2    | Bought a manual of Dodging for 1200 gold pieces
 33647 | Elf:1    | Entered Level 1 of the Elven Halls
 33989 | Elf:1    | Noticed a deep elf elementalist
 33998 | Elf:1    | Killed a deep elf elementalist
 34183 | Elf:1    | Reached skill level 5 in Hexes
 34894 | Elf:1    | Found a runed translucent door.
 34899 | Elf:1    | Found a runed translucent door.
 34899 | Elf:1    | Found a runed translucent door.
 34949 | Elf:1    | Received a gift from Sif Muna
 34950 | Elf:1    | Got Sif Muna's Parchment of Bruises {god gift}
 35018 | Elf:1    | Slain by a +1 dire flail of distortion

Illustrated notes

Levels and vault maps discovered:
D:1:      dpeg_arrival_arbitrary_a, layout_basic,
          ebering_ecumenical_altar_sacrificial
D:2:      layout_basic
D:3:      layout_loops_corners, portal_sewer_entry_f, uniq_terence
D:4:      layout_basic, amethyst_overflow_temple_binary, minmay_diced_spiral,
          uniq_eustachio
D:5:      layout_loops_ring, hangedman_abyss_or_decor_stagger,
          chequers_serial_rivers_micro_b, minmay_ruined_shrine
D:6:      layout_loops_ring, minmay_temple_entry_hall, serial_shops,
          nicolae_take_the_stairs
D:7:      layout_gridville, sigmund_edmund_badplayer, uniq_maggie
D:8:      layout_basic, grunt_lair_entry_orc_guard_hut
D:9:      layout_gridville, hiddenorc2_lemuel, serial_shops,
          nicolae_shop_back_alley_shop, kennysheep_diamond, hex_tiny
D:10:     layout_loops_ring, minivault_19
D:11:     layout_rooms, nicolae_hepliaklqana_hippocampus
D:12:     layout_irregular_city, hangedman_decor_peaks_small
D:13:     minmay_bloctagon_deflated, layout_loops_ring, david_vaults_3,
          gammafunk_ghost_fury_of_okawaru, uniq_rupert
Temple:   mainiacjoe_temple_big_plus
Lair:1:   layout_cave_pods, lemuel_fruit_tree, uniq_prince_ribbit2
Lair:2:   dreamdust_labyrinth, layout_hall_layers, grunt_megastairs_5,
          serial_bayou_shore_a
Lair:3:   layout_cave_pods, alex1729_swamp_entry_worm_eleionoma,
          nicolae_spider_entry_non_spiders, grunt_megastairs_4,
          serial_bayou_shore_b, serial_bayou_shore_b
Lair:4:   layout_cave_pods, basic_altar, st_stairs_8, serial_bayou_pond_d
Lair:5:   evilmike_catoblepas_cave, layout_loops_ring, slime_entry_1,
          nzn_ghost_randoct
Orc:1:    layout_diamond_mine, basic_altar, serial_shops, shop
Orc:2:    st_orc_elflike, layout_caves, abandoned_shop, nicolae_shop_self_help
Elf:1:    minmay_the_grid_triangle_9x9_line_8_mashed
          [minmay_the_grid_triangle_9x9_stretched_checkered,
          minmay_the_grid_triangle_9x9_fully_insulated_deathbox,
          minmay_the_grid_triangle_9x9_zippers_horizontal,
          minmay_the_grid_triangle_9x9_cache,
          minmay_the_grid_triangle_9x9_from_above,
          minmay_the_grid_triangle_9x9_skeleton,
          minmay_the_grid_triangle_9x9_thin_v,
          minmay_the_grid_triangle_9x9_prize_center], layout_geoelf_grid,
          minmay_elf_demonology, lemuel_upstairs_altar, minmay_shop_grove

Skill      XL: |  1  2  3  4  5  6  7  8  9 10 11 12 13 14 15 |
---------------+----------------------------------------------+-----
Conjurations   | 2 3 4 5 7 8 11 12 | 12.0
Stealth        | 3 4 6 8 10 12 14 15 | 15.0
Short Blades   | 1 2 3 4 5 |  5.5
Spellcasting   | 4 6 8 10 12 | 12.4
Air Magic      | 1 2 4 6 |  6.0
Alchemy        | 1 |  1.0
Fighting       | 1 2 3 |  3.0
Dodging        | 4 5 10 12 | 12.4
Shields        | 3 5 6 |  6.1
Translocations | 2 |  2.0
Invocations    | 1 4 5 6 7 |  7.7
Evocations     | 2 |  2.0
Hexes          | 2 5 |  5.0
Ice Magic      | 2 4 5 |  5.0
Summonings     | 3 |  3.0
Earth Magic    | 5 |  5.0

Action                     |  1- 3 |  4- 6 |  7- 9 | 10-12 | 13-15 || total
---------------------------+-------+-------+-------+-------+-------++-------
  Melee: Dagger            |    46 |    28 |    38 |   283 |   343 ||   738
         Constrict         |    12 |     5 |    27 |    40 |    48 ||   132
         Tentacles         |     7 |     3 |    53 |   115 |   158 ||   336
         Short sword       |       |       |   108 |    85 |   154 ||   347
         Punch             |       |       |     5 |     7 |     6 ||    18
         Staff             |       |       |       |       |     1 ||     1
   Cast: Magic Dart        |    48 |    58 |   236 |   353 |   509 ||  1204
         Mephitic Cloud    |       |     4 |    31 |    97 |   146 ||   278
         Iskenderun's Myst |       |       |       |    41 |   190 ||   231
         Blink             |       |       |       |     6 |    13 ||    19
         Ensorcelled Hiber |       |       |       |       |   167 ||   167
         Hailstorm         |       |       |       |       |    20 ||    20
         Iskenderun's Batt |       |       |       |       |    15 ||    15
         Bombard           |       |       |       |       |     1 ||     1
 Invoke: Channel Magic     |       |       |       |     3 |    16 ||    19
  Evoke: Wand              |       |       |       |     6 |    40 ||    46
    Use: Potion            |       |     1 |       |       |     1 ||     2
         Scroll            |       |       |       |     6 |    16 ||    22
   Stab: Sleeping          |     8 |       |     4 |     9 |    74 ||    95
         Confused          |       |     4 |     9 |    61 |    73 ||   147
         Distracted        |       |       |       |       |     1 ||     1
 Armour: Skin              |    16 |    21 |    44 |   106 |   152 ||   339
  Dodge: Dodged            |    50 |    47 |   165 |   368 |   413 ||  1043
  Block: Buckler           |       |       |       |       |    26 ||    26
